 Dungeon Crawl Stone Soup version 0.24-a0-388-gb57f36d6e0 (webtiles) character file.

Game seed: 6913567500285552939

345 Gargoyl the Skirmisher (level 6, -3/52 HPs)
             Began as a Centaur Abyssal Knight on June 4, 2019.
             Was a Believer of Lugonu.
             Killed by nerve-wracking pain
             ... invoked by an orc priest
              (12 damage)
             ... on level 4 of the Dungeon.
             The game lasted 00:05:22 (3731 turns).

Gargoyl the Skirmisher (Centaur Abyssal Knight)     Turns: 3731, Time: 00:05:23

Health: -3/52      AC:  6    Str: 15    XL:     6   Next: 32%
Magic:  0/8        EV:  6    Int: 11    God:    Lugonu [**....]
Gold:   201        SH:  7    Dex: 10    Spells: 5/5 levels left

rFire    . . .     SeeInvis +   a - +1 hand axe
rCold    . . .     Gourm    .   b - +0 shield
rNeg     . . .     Faith    .   f - +0 ring mail
rPois    +         Spirit   +   (no helmet)
rElec    .         Reflect  .   (no cloak)
rCorr    .         Harm     .   (no gloves)
MR       .....                  (no barding)
Stlth    ..........             g - amulet of guardian spirit
HPRegen  0.17/turn              k - ring of see invisible
MPRegen  0.11/turn              h - ring of poison resistance

@: very quick
A: large, hooves 3, deformed body, speed 2, tough skin 3
a: Depart the Abyss, Bend Space, Renounce Religion


You were on level 4 of the Dungeon.
You worshipped Lugonu.
Lugonu was pleased with you.
You were not hungry.

You visited 1 branch of the dungeon, and saw 6 of its levels.
You visited the Abyss 1 time.

You collected 201 gold pieces.

Inventory:

Hand Weapons
 a - a +1 hand axe (weapon)
Missiles
 n - 4 boomerangs (quivered)
Armour
 b - a +0 shield (worn)
 f - a +0 ring mail (worn)
Jewellery
 g - an amulet of guardian spirit (around neck)
 h - a ring of poison resistance (right hand)
 k - a ring of see invisible (left hand)
Wands
 m - a wand of paralysis (7)
Scrolls
 e - 2 scrolls of teleportation
 l - 2 scrolls of identify
 o - a scroll of amnesia {unknown}
 p - a scroll of noise {unknown}
Potions
 d - 4 potions of curing
 i - a potion of might {unknown}
 j - a potion of flight {unknown}
Comestibles
 c - 4 rations
 q - 4 chunks of flesh


   Skills:
 + Level 3.8 Fighting
 + Level 2.9 Axes
 * Level 3.1 Armour
 * Level 2.0 Dodging
 + Level 0.6 Shields
 * Level 3.1 Invocations


You had 5 spell levels left.
You didn't know any spells.
Your spell library was empty.

Dungeon Overview and Level Annotations

Branches:
Dungeon (6/15)
 Temple: D:4-7

Altars:
Fedhas
Makhleb
Qazlal
Sif Muna
Uskayaw
Vehumet
Yredelemnul
Zin


Innate Abilities, Weirdness & Mutations

You have hooves in place of feet.
Armour fits poorly on your strangely shaped body.
You cover ground very quickly.
You have extremely tough skin. (AC +3)


Message History

You block the orc's attack.
Unknown command.
You hit the jackal.
You kill the jackal!
Lugonu accepts your kill.
You closely miss the orc.
The orc priest calls down the wrath of Beogh upon you.
Beogh smites you!
* * * LOW HITPOINT WARNING * * *
An orc wizard comes into view. It is wielding a +0 dagger.
The orc hits you with a +0 war axe.
* * * LOW HITPOINT WARNING * * *
You block the frilled lizard's attack.
You slash the frilled lizard!
You kill the frilled lizard!
Lugonu accepts your kill.
You hit the orc.
The orc priest invokes the aid of Beogh against you.
Pain shoots through your body!
You die...

..............
.......#.....# )##
.......#.[...## #..#
o.............# #..#
....oo........# #..##
....o.>.......##....#
#....o....##.....#
#...@†)†.###.....#
.....###..†...)<....#
... #........###.## .
#....#.....#
...#.##.#...#
..#...#$.#...# .
#.###.##...## ..
#..<.....#
...#........#


You could see 2 orc priests, 2 orc wizards and an orc.

Vanquished Creatures
  An ogre (D:4)
  A bullfrog (D:6)
  A hound skeleton (D:4)
  4 gnolls
  6 adders
  2 oozes
  2 worms
  2 dart slugs
  A leopard gecko (D:3)
  4 orcs
  12 bats
  2 giant cockroaches (D:1)
  6 goblins
  6 hobgoblins
  3 jackals (D:4)
  3 ball pythons
  4 frilled lizards
  7 kobolds
  11 rats
78 creatures vanquished.

Notes
Turn   | Place    | Note
-------+----------+-------------------------------------------
     0 | Abyss:1  | Gargoyl the Centaur Abyssal Knight began the quest for the
                  | Orb.
     0 | Abyss:1  | Reached XP level 1. HP: 19/19 MP: 2/2
     5 | Abyss:2  | Found a corrupted altar of Lugonu.
    10 | Abyss:2  | Found a corrupted altar of Lugonu.
    82 | Abyss:4  | Noticed a sixfirhy
    86 | D:1      | Escaped the Abyss
   332 | D:1      | Reached * piety under Lugonu
   503 | D:1      | Reached XP level 2. HP: 22/26 MP: 3/3
   803 | D:1      | Reached skill level 1 in Dodging
  1201 | D:2      | Reached XP level 3. HP: 26/31 MP: 4/4
  1802 | D:1      | Reached XP level 4. HP: 27/38 MP: 5/5
  2110 | D:2      | Reached ** piety under Lugonu
  2463 | D:2      | Found a glowing silver altar of Zin.
  2469 | D:2      | Found a stormy altar of Qazlal.
  2469 | D:2      | Found a hide-covered altar of Uskayaw.
  2469 | D:2      | Found a burning altar of Makhleb.
  2471 | D:2      | Found a deep blue altar of Sif Muna.
  2472 | D:2      | Found a basalt altar of Yredelemnul.
  2473 | D:2      | Found a blossoming altar of Fedhas.
  2561 | D:3      | Found a radiant altar of Vehumet.
  2923 | D:3      | Reached XP level 5. HP: 37/46 MP: 5/7
  3292 | D:3      | You fall into a shaft and drop 3 floors!
  3304 | D:6      | Noticed an ogre
  3364 | D:5      | Entered Level 5 of the Dungeon
  3665 | D:4      | Noticed an ogre
  3672 | D:4      | Killed an ogre
  3672 | D:4      | Reached XP level 6. HP: 28/52 MP: 4/8
  3731 | D:4      | Killed from afar by an orc priest

Levels and vault maps discovered:
D:1:      dpeg_arrival_renting, layout_loops_ring, serial_forest,
          infiniplex_forest_lined_2, infiniplex_forest_clump_double,
          infiniplex_forest_end_1, infiniplex_forest_lined_room_
D:2:      layout_rooms, minitemple, first_ration
D:3:      minmay_bubble_buster, layout_rooms, vehumet_crystals,
          kennysheep_generic_room_11
D:4:      layout_rooms, grunt_temple_overflow_opulence
D:5:      layout_rooms, elyvilon_altar_1, temple_statues, serial_bayou_pond_b,
          uniq_sigmund
D:6:      layout_rooms, basic_altar

Skill      XL: |  1  2  3  4  5 |
---------------+----------------+-----
Axes           | 2 |  2.9
Dodging        | 1 2 |  2.0
Armour         | 2 3 |  3.1
Invocations    | 3 |  3.1
Fighting       | |  3.8
Shields        | |  0.6

Action                   |  1- 3 |  4- 6 || total
-------------------------+-------+-------++-------
Melee: Hand axe          |    91 |   154 ||   245
       Kick              |    13 |    25 ||    38
Throw: Boomerang         |       |     5 ||     5
Invok: Depart the Abyss  |     1 |       ||     1
       Bend Space        |       |     1 ||     1
  Use: Scroll            |     1 |     4 ||     5
       Potion            |     1 |       ||     1
  Eat: Ration            |     1 |       ||     1
       Chunk             |       |     4 ||     4
Armor: Leather armour    |     6 |       ||     6
       Ring mail         |    34 |    71 ||   105
Dodge: Dodged            |    42 |    62 ||   104
Block: Shield            |       |    41 ||    41

Table legend:
 A = Non-vault XP
 B = Vault XP
 C = Vault XP percentage of total XP
 D = Non-vault monster count
 E = Vault monster count
 F = Vault count percentage of total count
                 A         B        C        D         E       F
            +---------+---------+-------+---------+---------+-------
      Total |     438 |      55 |  11.2 |      68 |      10 |  12.8
            +---------+---------+-------+---------+---------+-------
        D:1 |      87 |       0 |   0.0 |      29 |       0 |   0.0
        D:2 |      77 |       0 |   0.0 |      19 |       0 |   0.0
        D:3 |      28 |      55 |  66.3 |      11 |      10 |  47.6
        D:4 |     153 |       0 |   0.0 |       8 |       0 |   0.0
        D:6 |      93 |       0 |   0.0 |       1 |       0 |   0.0
            +---------+---------+-------+---------+---------+-------
